Map: Romanticide LE

Players

Antis

  • Race: Zerg Zerg

Namshar - Winner!

  • Race: Zerg Zerg

Event: DreamHack SC2 Masters 2021 Fall

VOD

Have the link to the VOD?

Description

Time

  • Played on: Aug. 7, 2021, 5:03 p.m.
  • Length: 15:37

All games in this series

Show
View Real Time Build Order
Export as new Build Order

Antis Zerg 

Build Orders: Hatch First 

Get SALT Encoding   

  12  0:00  Drone  
  13  0:12  Overlord  
  13  0:17  Drone  
  14  0:30  Drone x2  
  16  0:48  Hatchery  
  15  0:52  Drone  
  15  0:55  Drone  
  17  0:58  Drone  
  18  1:08  Extractor  
  17  1:13  Spawning Pool  
  17  1:16  Drone  
  17  1:19  Drone  
  18  1:28  Drone  
  19  1:38  Drone  
  20  1:50  Drone  
  21  2:00  Queen x2  
  25  2:01  Zergling x2  
  25  2:02  Overlord  
  26  2:11  Drone  
  26  2:12  Metabolic Boost  
  26  2:15  Drone  
  28  2:23  Drone x2  
  30  2:36  Hatchery  
  29  2:40  Zergling x2  
  29  2:43  Baneling Nest  
  29  2:45  Drone  
  29  2:46  Drone  
  31  2:51  Overlord  
  31  2:55  Drone x2  
  33  3:09  Drone x3  
  33  3:11  Drone x3  
  39  3:13  Zergling x2  
  39  3:15  Zergling x2  
  41  3:21  Overlord  
  41  3:27  Baneling  
  41  3:28  Queen  
  41  3:33  Drone  
  44  3:34  Evolution Chamber  
  44  3:36  Drone  
  44  3:43  Drone x5  
  49  3:51  Drone x4  
  53  3:58  Zergling x2  
  53  4:01  Drone x2  
  53  4:02  Zerg Missile Weapons Level 1  
  56  4:06  Roach Warren  
  56  4:08  Overlord  
  55  4:12  Drone x2  
  55  4:16  Overlord  
  57  4:21  Drone  
  57  4:22  Extractor  
  57  4:23  Drone  
  58  4:27  Lair  
  58  4:28  Drone x3  
  60  4:34  Zergling x4  
  60  4:36  Drone  
  63  4:41  Drone x3  
  63  4:44  Baneling  
  66  4:46  Drone x3  
  66  4:51  Overlord  
  69  4:56  Drone x4  
  69  4:58  Extractor x2, Drone  
  69  4:59  Extractor  
  71  5:01  Queen, Evolution Chamber  
  71  5:04  Extractor, Overlord  
  71  5:06  Drone x2  
  73  5:11  Hatchery  
  73  5:12  Drone x2  
  73  5:14  Overlord  
  73  5:18  Drone x4  
  77  5:24  Overlord  
  77  5:26  Glial Reconstitution  
  77  5:27  Zerg Ground Armor Level 1  
  77  5:33  Drone x3  
  77  5:34  Pneumatized Carapace  
  80  5:36  Overseer  
  80  5:37  Overlord  
  80  5:44  Roach x5  
  89  5:57  Zerg Missile Weapons Level 2  
  89  5:58  Roach x5  
  89  6:03  Spore Crawler  
  98  6:06  Roach x5  
  98  6:08  Overlord  
  108  6:18  Overlord  
  108  6:21  Roach  
  108  6:22  Roach x2  
  108  6:23  Overlord x3  
  113  6:29  Roach  
  113  6:30  Roach x4  
  123  6:37  Roach x5  
  133  6:47  Overlord  
  133  6:48  Roach x3  
  133  6:51  Overlord  
  133  6:53  Spore Crawler, Drone x2  
  140  6:56  Drone x2  
  140  6:57  Spore Crawler  
  140  6:58  Ravager x2, Drone  
  140  6:59  Ravager  
  145  7:02  Roach  
  145  7:03  Roach x2  
  151  7:14  Roach  
  151  7:15  Roach x6  
  161  7:24  Overlord  
  161  7:28  Roach  
  161  7:29  Roach x5  
  173  7:30  Overlord  
  173  7:34  Overlord  
  169  7:41  Drone x7  
  167  7:45  Drone  
  167  7:47  Zerg Ground Armor Level 2  
  168  7:51  Ravager x2  
  168  7:52  Ravager x2, Drone  
  173  8:00  Roach x4  
  181  8:16  Roach  
  181  8:17  Roach x4  
  191  8:23  Spine Crawler  
  191  8:24  Spine Crawler, Infestation Pit  
  188  8:32  Overseer  
  184  8:37  Drone x3  
  184  8:39  Extractor  
  184  8:40  Spine Crawler  
  181  8:42  Roach x5  
  181  8:46  Roach x4  
  191  8:54  Ravager  
  191  8:55  Overlord  
  184  9:03  Roach  
  164  9:14  Roach  
  164  9:15  Roach x14  
  166  9:20  Ravager  
  166  9:29  Hive  
  164  9:31  Burrow  
  164  9:32  Drone x4  
  164  9:33  Drone  
  164  9:34  Hydralisk Den  
  164  9:35  Drone  
  164  9:36  Drone x2  
  164  9:37  Spine Crawler  
  170  9:47  Roach  
  170  9:48  Roach x4  
  176  9:52  Ravager  
  176  9:54  Ravager  
  176  9:56  Ravager  
  177  10:03  Roach  
  177  10:04  Roach x9  
  197  10:11  Extractor  
  196  10:17  Grooved Spines  
  196  10:20  Hatchery  
  193  10:35  Hydralisk x4  
  174  10:36  Roach x6  
  174  10:37  Roach  
  174  10:42  Roach x3  
  163  10:56  Roach x2  
  137  10:57  Roach x2  
  137  10:58  Roach x3  
  137  11:02  Roach x4  
  129  11:06  Roach x3  
  131  11:19  Roach  
  131  11:20  Roach x4  
  131  11:22  Zerg Missile Weapons Level 3  
  141  11:28  Muscular Augments  
  141  11:30  Roach x3  
  147  11:38  Roach x8  
  147  11:39  Roach  
  165  11:43  Spine Crawler  
  164  11:47  Hydralisk  
  164  11:48  Hydralisk x3  
  172  11:54  Viper  
  175  12:01  Spine Crawler  
  175  12:05  Hydralisk x2  
  175  12:06  Roach x5  
  175  12:07  Overseer  
  183  12:15  Drone x5  
  183  12:16  Drone x2  
  186  12:26  Hydralisk  
  186  12:27  Hydralisk x2  
  192  12:34  Zerg Ground Armor Level 3  
  182  12:45  Viper  
  182  12:50  Overlord x4  
  185  13:03  Hydralisk  
  185  13:04  Hydralisk x5  
  157  13:14  Hydralisk x3  
  121  13:22  Hydralisk x2  
  102  13:29  Queen x2  
  106  13:39  Hydralisk  
  106  13:40  Hydralisk x3  
  114  13:43  Drone  
  114  13:44  Drone  
  116  13:53  Roach x4  
  124  14:04  Roach  
  124  14:05  Roach x5  
  124  14:06  Ravager x2  
  138  14:25  Roach x8  
  146  14:36  Roach  
  146  14:37  Roach x3  
  146  14:38  Ravager x6  
  153  14:52  Hydralisk  
  138  14:53  Roach x2, Hydralisk x4  
  138  14:57  Ravager  
  148  15:07  Roach x6  
  148  15:08  Roach  
Show
View Real Time Build Order
Export as new Build Order

Namshar Zerg - Winner!

Build Orders: Hatch First, Lurkers 

Get SALT Encoding   

  12  0:00  Drone  
  13  0:12  Overlord  
  13  0:17  Drone  
  14  0:30  Drone x2  
  16  0:48  Hatchery  
  15  0:51  Drone  
  15  0:54  Drone  
  17  0:57  Drone  
  18  1:08  Extractor  
  17  1:12  Spawning Pool  
  17  1:16  Drone  
  17  1:18  Drone  
  18  1:27  Drone  
  19  1:38  Drone  
  20  1:49  Drone  
  21  1:59  Queen  
  21  2:00  Queen, Zergling x2  
  21  2:01  Overlord  
  26  2:10  Drone x2  
  26  2:11  Metabolic Boost  
  28  2:21  Zergling x2  
  28  2:22  Drone  
  30  2:32  Drone x2  
  30  2:35  Hatchery  
  31  2:44  Drone  
  31  2:45  Baneling Nest  
  31  2:48  Overlord  
  31  2:56  Drone x2  
  33  3:05  Drone  
  34  3:06  Drone  
  34  3:09  Drone x3  
  38  3:13  Queen  
  38  3:19  Overlord  
  40  3:20  Drone  
  40  3:21  Zergling x2  
  42  3:27  Evolution Chamber  
  42  3:29  Baneling  
  41  3:36  Drone x3  
  41  3:41  Zergling x6  
  47  3:46  Drone  
  47  3:47  Drone  
  49  3:53  Drone x2  
  50  3:56  Zerg Missile Weapons Level 1  
  50  3:59  Overlord  
  50  4:00  Drone x2  
  52  4:07  Lair  
  52  4:08  Drone  
  52  4:09  Roach Warren  
  52  4:12  Extractor  
  52  4:13  Extractor, Drone x2  
  51  4:17  Drone  
  51  4:22  Drone x7  
  59  4:28  Zergling x2, Drone x3  
  63  4:32  Overlord  
  62  4:39  Overlord  
  62  4:40  Overlord  
  62  4:41  Drone  
  62  4:43  Extractor  
  62  4:45  Extractor  
  61  4:46  Extractor  
  61  4:50  Drone  
  61  4:51  Drone x5  
  66  4:57  Overlord x2  
  66  4:58  Pneumatized Carapace  
  66  4:59  Drone x2  
  68  5:00  Drone  
  68  5:03  Glial Reconstitution  
  68  5:05  Drone  
  68  5:06  Drone  
  71  5:08  Drone  
  71  5:09  Drone  
  71  5:12  Overseer  
  72  5:18  Drone  
  72  5:19  Drone x3  
  72  5:21  Drone  
  77  5:28  Overlord x2  
  77  5:31  Baneling  
  77  5:32  Baneling x2  
  77  5:36  Overlord x3  
  77  5:39  Roach x5  
  87  5:49  Hatchery  
  86  5:58  Evolution Chamber  
  86  5:59  Roach x3  
  91  6:14  Zerg Missile Weapons Level 2  
  91  6:24  Roach x11  
  113  6:28  Zerg Ground Armor Level 1  
  113  6:32  Overlord  
  113  6:33  Overlord x2  
  113  6:34  Drone x2  
  113  6:36  Ravager x4  
  119  6:41  Roach x4  
  119  6:46  Drone  
  128  6:48  Drone  
  129  6:55  Extractor  
  128  7:02  Roach x10  
  128  7:06  Ravager x2  
  128  7:07  Roach  
  154  7:15  Roach  
  154  7:16  Roach x3  
  160  7:30  Roach  
  160  7:31  Roach x3  
  160  7:35  Overlord x2  
  160  7:36  Overlord x4  
  165  7:43  Roach  
  165  7:44  Roach x5  
  167  7:53  Queen  
  167  7:56  Ravager x4  
  167  7:57  Ravager x2, Roach  
  167  7:58  Roach x6  
  189  8:05  Roach  
  191  8:09  Roach x3  
  197  8:14  Roach  
  199  8:28  Zerg Ground Armor Level 2  
  199  8:29  Infestation Pit  
  198  8:44  Roach x9  
  195  8:51  Roach x7  
  177  9:11  Roach x2  
  177  9:12  Roach x12  
  177  9:17  Hive  
  173  9:18  Hydralisk Den  
  173  9:22  Extractor, Drone x3  
  172  9:27  Roach  
  175  9:31  Drone  
  175  9:32  Drone x2  
  175  9:36  Ravager  
  175  9:37  Ravager, Hatchery  
  175  9:38  Ravager  
  179  9:40  Roach x9  
  179  9:42  Burrow  
  179  9:45  Queen  
  197  9:50  Tunneling Claws  
  197  10:01  Ravager  
  197  10:02  Ravager x2  
  200  10:09  Grooved Spines  
  200  10:11  Lurker Den  
  199  10:14  Overseer  
  199  10:16  Overseer  
  185  10:38  Roach x15  
  183  10:44  Roach x10  
  191  10:56  Roach x9  
  194  10:59  Hydralisk x2  
  173  11:14  Seismic Spines  
  173  11:20  Drone  
  173  11:21  Drone x3  
  173  11:24  Extractor  
  176  11:26  Extractor, Spine Crawler  
  176  11:27  Spine Crawler  
  176  11:28  Spine Crawler  
  172  11:37  Viper x2  
  172  11:38  Roach x9  
  179  11:40  Lurker x2  
  179  11:42  Roach x8  
  179  11:46  Hydralisk x2  
  179  11:47  Hydralisk x2  
  188  12:06  Hydralisk x2  
  190  12:11  Adaptive Talons  
  190  12:15  Roach x8  
  184  12:26  Zerg Missile Weapons Level 3  
  184  12:27  Zerg Ground Armor Level 3  
  180  12:31  Lurker x3  
  177  12:38  Roach x6  
  177  12:39  Roach  
  177  12:40  Roach  
  170  12:44  Lurker x2  
  172  12:56  Hydralisk x5  
  144  13:13  Hydralisk x6  
  144  13:17  Roach x3  
  144  13:18  Roach x10  
  155  13:20  Hydralisk  
  144  13:34  Overlord x5  
  144  13:35  Hydralisk x3  
  144  13:36  Roach x9  
  168  13:41  Drone  
  168  13:42  Drone  
  168  13:43  Lurker  
  168  13:44  Lurker  
  172  13:55  Drone  
  172  13:56  Drone x4, Spine Crawler x3  
  172  13:58  Spore Crawler  
  172  14:01  Spine Crawler x2  
  172  14:02  Spore Crawler  
  170  14:04  Drone  
  170  14:05  Drone x2  
  173  14:11  Viper x2  
  173  14:12  Viper  
  170  14:37  Lurker x2  
  170  14:38  Lurker  
  161  14:52  Hydralisk x10  
  148  14:54  Lurker x4  
  148  14:55  Lurker  
  166  15:06  Hydralisk  
  166  15:07  Hydralisk x6  
  164  15:09  Overseer  
  164  15:10  Overseer  

Tags
 
Add a new tag
Caveats
  • Supply blocks, unpowered buildings, or Contaminate may cause inaccurate times.
  • Supply counts are checked every 10 seconds.